Map: Acropolis LE

Players

TomikuS

  • Race: Zerg Zerg
  • Spawn Location: 11:00

Scarlett - Winner!

  • Race: Zerg Zerg
  • Spawn Location: 5:00

Event: NationWars 2019

VOD

Have the link to the VOD?

Description

Time

  • Played on: Oct. 1, 2019, 12:01 p.m.
  • Length: 12:18

All games in this series

Show
View Real Time Build Order
Export as new Build Order

TomikuS Zerg 

Build Orders: Hatch First 

Get SALT Encoding   

  12  0:01  Drone  
  13  0:13  Overlord  
  13  0:17  Drone  
  14  0:31  Drone x2  
  14  0:35  Drone  
  17  0:51  Hatchery  
  17  0:54  Drone  
  17  0:58  Drone  
  18  1:08  Drone, Extractor  
  18  1:17  Spawning Pool  
  17  1:21  Drone  
  18  1:28  Drone  
  19  1:41  Drone  
  20  1:51  Overlord  
  20  2:03  Drone  
  20  2:04  Queen x2  
  20  2:05  Zergling x2  
  20  2:07  Evolution Chamber  
  25  2:14  Drone x2  
  27  2:24  Drone  
  27  2:27  Drone  
  29  2:33  Zerg Ground Armor Level 1  
  29  2:35  Drone  
  30  2:42  Queen  
  32  2:52  Overlord  
  32  2:53  Drone x2  
  34  3:05  Metabolic Boost  
  34  3:09  Overlord  
  34  3:10  Drone x3  
  37  3:24  Overlord  
  37  3:26  Drone  
  37  3:27  Drone x3  
  40  3:29  Drone  
  42  3:41  Zergling x4  
  44  3:45  Zergling x2  
  44  3:46  Zergling x8  
  49  3:50  Zergling x6  
  52  4:02  Lair  
  51  4:12  Extractor  
  51  4:14  Hatchery, Overlord  
  49  4:22  Drone x2  
  49  4:23  Drone  
  52  4:25  Roach Warren  
  51  4:33  Overlord  
  51  4:34  Drone x3  
  51  4:35  Drone  
  51  4:37  Extractor  
  54  4:44  Overlord x2  
  54  4:49  Drone x3  
  54  4:50  Drone  
  57  5:06  Roach  
  58  5:07  Roach x5  
  58  5:11  Glial Reconstitution  
  68  5:20  Roach x4  
  76  5:25  Zerg Missile Weapons Level 1  
  76  5:35  Roach x3  
  82  5:36  Roach  
  84  5:44  Overlord x3  
  84  5:56  Roach  
  90  5:57  Roach x2  
  90  5:58  Overlord  
  90  6:04  Roach  
  92  6:05  Roach x5  
  101  6:28  Zergling x8  
  101  6:29  Zergling x10  
  109  6:35  Zergling x2  
  109  6:36  Zergling x10  
  109  6:38  Ravager x2  
  109  6:39  Ravager  
  118  6:41  Zergling x2  
  118  6:45  Overlord x2  
  119  6:48  Zergling x4  
  111  7:01  Drone x7  
  111  7:02  Drone  
  111  7:06  Extractor  
  118  7:09  Overlord  
  118  7:10  Drone  
  106  7:26  Roach x7  
  108  7:37  Roach x7  
  116  7:45  Roach x3  
  116  7:51  Ravager x3  
  125  7:59  Drone x3, Extractor  
  125  8:04  Drone x2  
  125  8:05  Drone  
  130  8:06  Drone x4  
  130  8:07  Drone, Extractor  
  130  8:10  Zerg Missile Weapons Level 2  
  134  8:16  Overlord  
  134  8:22  Overlord  
  134  8:27  Overlord x3  
  134  8:30  Overlord x3  
  134  8:41  Roach x5  
  144  8:54  Hatchery  
  144  8:55  Ravager  
  144  8:56  Ravager x7  
  144  9:02  Roach  
  153  9:03  Roach x2  
  156  9:12  Roach  
  156  9:13  Roach x4  
  166  9:19  Pneumatized Carapace  
  166  9:21  Drone x2  
  168  9:24  Roach  
  168  9:25  Roach x2  
  168  9:29  Roach x2  
  176  9:36  Drone x3  
  176  9:37  Drone  
  180  9:38  Roach  
  180  9:39  Roach  
  180  9:40  Ravager x2  
  180  9:41  Ravager  
  185  9:51  Roach  
  185  9:52  Roach x3  
  173  10:12  Roach x5  
  173  10:13  Roach x4  
  123  10:22  Roach x4  
  110  10:29  Roach  
  110  10:30  Roach  
  110  10:34  Roach  
  110  10:37  Roach x2  
  112  10:44  Roach  
  112  10:46  Ravager x4  
  116  10:58  Roach  
  116  10:59  Roach x4  
  126  11:13  Roach x3  
  132  11:18  Hatchery  
  129  11:26  Roach x3  
  129  11:32  Roach x3  
  139  11:37  Overseer  
  139  11:38  Roach  
  139  11:39  Roach x5  
  143  11:45  Roach  
  143  11:46  Roach x2  
Show
View Real Time Build Order
Export as new Build Order

Scarlett Zerg - Winner!

Build Orders: Hatch First, Lurkers 

Get SALT Encoding   

  12  0:00  Drone  
  13  0:12  Overlord  
  13  0:17  Drone  
  14  0:30  Drone x2  
  16  0:46  Hatchery  
  15  0:51  Drone  
  15  0:54  Drone  
  17  0:58  Drone  
  18  1:09  Extractor  
  17  1:12  Spawning Pool  
  17  1:15  Drone  
  17  1:19  Drone  
  18  1:28  Drone  
  19  1:39  Drone  
  20  1:50  Drone  
  21  1:59  Queen x2  
  21  2:00  Zergling x2  
  21  2:01  Overlord  
  26  2:11  Metabolic Boost  
  26  2:12  Drone x2  
  30  2:22  Drone x2  
  30  2:32  Drone  
  30  2:33  Drone  
  32  2:39  Hatchery  
  31  2:44  Queen  
  31  2:49  Overlord  
  33  2:56  Drone x3  
  36  3:09  Drone x6  
  42  3:17  Zergling x4  
  42  3:18  Overlord  
  43  3:24  Roach Warren  
  42  3:27  Overlord  
  42  3:38  Drone, Overlord  
  44  3:48  Zergling x8  
  44  3:50  Lair  
  47  3:56  Drone x6  
  47  3:59  Extractor  
  47  4:00  Extractor  
  51  4:07  Roach x2  
  51  4:09  Spine Crawler  
  54  4:10  Roach  
  54  4:16  Evolution Chamber  
  55  4:17  Roach  
  55  4:18  Roach  
  59  4:28  Roach x2  
  59  4:29  Roach x2  
  66  4:44  Roach x4  
  74  4:57  Overlord  
  74  4:58  Zerg Missile Weapons Level 1, Overlord  
  74  5:08  Overlord x2  
  74  5:17  Drone x11  
  84  5:22  Drone x2  
  84  5:24  Drone x2  
  84  5:27  Overlord  
  88  5:31  Overseer  
  88  5:36  Roach x2  
  88  5:42  Roach x3  
  98  5:55  Drone x3  
  103  5:57  Roach x5  
  103  5:58  Overlord  
  111  6:10  Roach  
  111  6:11  Overlord x4  
  113  6:20  Roach x4  
  113  6:25  Overlord  
  121  6:31  Roach x7  
  135  6:38  Roach  
  137  6:41  Roach  
  137  6:42  Roach x4  
  137  6:45  Ravager  
  145  6:56  Roach x7  
  158  7:05  Overlord x2  
  158  7:07  Glial Reconstitution  
  158  7:09  Extractor  
  158  7:12  Zergling x2, Extractor  
  158  7:13  Zergling x10  
  158  7:25  Drone x8  
  159  7:38  Drone x3  
  159  7:43  Extractor  
  157  7:44  Queen  
  157  7:49  Drone x3  
  157  7:50  Drone x7  
  168  7:57  Zerg Missile Weapons Level 2, Evolution Chamber  
  167  7:59  Ravager x3  
  167  8:02  Hatchery, Overlord  
  169  8:14  Hydralisk Den  
  169  8:16  Drone, Overlord  
  169  8:17  Overlord x2  
  169  8:21  Overlord x2  
  169  8:25  Zerg Ground Armor Level 1  
  169  8:33  Roach x4  
  177  8:36  Roach  
  177  8:37  Roach x3  
  177  8:40  Pneumatized Carapace  
  185  8:51  Overlord  
  185  8:53  Roach x7  
  199  9:01  Drone  
  200  9:03  Lurker Den  
  199  9:18  Muscular Augments  
  199  9:20  Drone  
  199  9:22  Infestation Pit  
  199  9:23  Overseer, Extractor  
  196  9:35  Overseer  
  196  9:36  Overlord  
  196  9:37  Extractor, Hydralisk x3  
  179  10:12  Hydralisk x16  
  172  10:14  Roach  
  158  10:23  Drone  
  158  10:24  Roach x7  
  159  10:30  Grooved Spines  
  159  10:32  Roach x4  
  165  10:38  Roach x4  
  167  10:59  Roach x14  
  167  11:01  Lurker  
  167  11:02  Lurker  
  197  11:07  Lurker  
  198  11:14  Lurker x2  
Tags
 
Add a new tag
Caveats
  • Supply blocks, unpowered buildings, or Contaminate may cause inaccurate times.
  • Supply counts are checked every 10 seconds.